 Dungeon Crawl Stone Soup version 0.29.1-2-gbd0b4ee654 (webtiles) character file.

Game seed: 10272619022765478232

44 Descartes the Trooper (level 3, 0/19 HPs)
             Began as a Felid Wanderer on Oct 27, 2022.
             Succumbed to an adder's poison
             ... on level 3 of the Dungeon on Oct 28, 2022.
             The game lasted 00:04:08 (2309 turns).

Descartes the Trooper (Felid Wanderer)              Turns: 2309, Time: 00:04:08

Health: 0/19       AC:  1    Str: 10    XL:     3   Next: 41%
Magic:  4/4        EV: 18    Int: 11    God:
Gold:   114        SH:  0    Dex: 17    Spells: 2/2 levels left
                                        Lives:  0   Deaths: 1

rFire   . . .      SeeInvis +     - Unarmed
rCold   . . .      Faith    .   (shield unavailable)
rNeg    + . .      Spirit   .   (body armour unavailable)
rPois   .          Reflect  .   (helmet unavailable)
rElec   .          Harm     .   (cloak unavailable)
rCorr   .          Rampage  .   (gloves unavailable)
Will    .....                   (boots unavailable)
Stlth   +++.......              (no amulet)
HPRegen 0.06/turn               i - ring of positive energy
MPRegen 0.09/turn               (no ring)

@: lethally poisoned (0 -> -1), quick
A: very small, claws 1, fangs 3, see invisible, speed 1, shaggy fur 1, stealthy
paws, no weapons or thrown items, no armour, multi-lived
a: no special abilities


You were on level 3 of the Dungeon.
You visited 1 branch of the dungeon, and saw 3 of its levels.

You collected 114 gold pieces.

Inventory:

Jewellery
 i - a ring of positive energy (left paw)
Scrolls
 a - 2 scrolls of blinking
 b - a scroll of fear
 h - a scroll of summoning {unknown}
 j - 2 scrolls of noise {unknown}
 k - a scroll of teleportation {unknown}
 m - a scroll of amnesia {unknown}
 o - a scroll of identify {unknown}
Potions
 c - 2 potions of curing
 d - a potion of attraction
 e - a potion of lignification
 f - a potion of resistance {unknown}
 g - a potion of ambrosia {unknown}
 l - a potion of brilliance {unknown}
 n - a potion of degeneration {unknown}


   Skills:
 - Level 5.0 Fighting
 + Level 3.0 Dodging
 + Level 3.7 Stealth
 + Level 4.7 Unarmed Combat


You had 2 spell levels left.
You didn't know any spells.
Your spell library contained the following spells:

 Spells                   Type           Power      Damage    Failure   Level
 Scorch                   Fire           0%         2d5       47%         2
 Flame Wave               Conj/Fire      0%         2d4       98%         4
 Summon Cactus Giant      Summ           0%         N/A       100%        6


Dungeon Overview and Level Annotations

Branches:
Dungeon (3/15)

Altars:
The Shining One

Annotations:
D:3 Ijyb


Innate Abilities, Weirdness & Mutations

You have sharp claws.
You have razor-sharp teeth.
You have supernaturally acute eyesight. (SInv)
You cover ground quickly. (Speed+)
You are covered in fur. (AC +1)
Your paws help you pounce on unaware monsters.
You are incapable of wielding weapons or throwing items.
You cannot wear armour.
You gain extra lives every three experience levels.


Message History

An adder comes into view.
The adder hisses angrily.
You claw the kobold!
You kill the kobold!
The dart slug launches a dart at you. The slug dart hits you.
You scratch the dart slug.
You bite the dart slug, but do no damage.
The dart slug is severely wounded.
The dart slug launches a dart at you. The slug dart misses you.
A worm comes into view.
The gnoll hits you from afar with a +0 spear.
The dart slug launches a dart at you. The slug dart hits you.
Found a potion of attraction.
The adder attacks as you move away! The adder completely misses you.
An endoplasm comes into view.
Found a shiny scale mail.
The adder misses you.
You barely miss the adder. Your bite misses the adder.
The adder barely misses you. The adder attacks as you move away!
The adder bites you.
* * * LOW HITPOINT WARNING * * *
Found a black potion.
The adder attacks as you move away! The adder misses you.
Found a green potion.
The adder attacks as you move away! The adder closely misses you. x2
The adder attacks as you move away! The adder barely misses you.
The adder attacks as you move away! The adder bites you.
* * * LOW HITPOINT WARNING * * *
You are lethally poisoned!
The adder poisons you!
* * * LOW HITPOINT WARNING * * *
You feel sick.
* * * LOW HITPOINT WARNING * * *
You feel sick.
* * * LOW HITPOINT WARNING * * *
You feel sick.
You die...

#...
#..J.#.(.......
#.. #...........#
#####.......#
..!..........+
####
######.......#
...# #.......#
##.######
#...S.†)#...
.#.#....#
####..........
.#.#....#
#@#######..
.#.#....# #.#
<#.#....# #.#
.#.#....# #.#
.#.#...†# #.#
##.#....# #.#
.#.#....# #.#
.#.#....########.#
.#.#.............#


You could see an adder.

Vanquished Creatures
  A gnoll (D:1)
  3 adders
  4 dart slugs (D:1)
  4 bats
  3 endoplasms
  3 giant cockroaches
  6 goblins
  5 hobgoblins
  5 kobolds
  4 ball pythons
  4 frilled lizards
  7 rats
49 creatures vanquished.

Vanquished Creatures (others)
  A plant (D:2)
  3 withered plants (D:2)
4 creatures vanquished.

Grand Total: 53 creatures vanquished

Notes
Turn   | Place    | Note
-------+----------+-------------------------------------------
     0 | D:1      | Descartes the Felid Wanderer began the quest for the Orb.
     0 | D:1      | Descartes set off with the following items: a scroll of
                  | blinking, a scroll of fear, a potion of curing, a potion of
                  | attraction, a potion of lignification.
     0 | D:1      | Reached XP level 1. HP: 12/12 MP: 2/2
    67 | D:1      | Reached skill level 1 in Dodging
   209 | D:1      | Reached XP level 2. HP: 14/16 MP: 3/3
   764 | D:1      | Reached XP level 3. HP: 19/19 MP: 4/4
  1005 | D:2      | Found a glowing golden altar of the Shining One.
  1310 | D:2      | Reached XP level 4. HP: 23/23 MP: 5/5
  1654 | D:2      | Found a faded altar of an unknown god.
  2262 | D:3      | Noticed Ijyb
  2266 | D:3      | Killed from afar by Ijyb
  2267 | D:3      | Reached XP level 3. HP: -1/19 MP: 4/4
  2309 | D:3      | Succumbed to an adder's poison

Illustrated notes

Levels and vault maps discovered:
D:1:      lightli_arrival_flooded_house, layout_basic, minivault_24,
          kennysheep_decorative_pillar
D:2:      layout_basic, shapermc_ecumenical_altar_flowoftime, basic_altar,
          minmay_circle_x
D:3:      minmay_door_path, layout_basic, mainiacjoe_overflow_alcove_1,
          serial_shops, nicolae_square_shop, uniq_ijyb

Skill      XL: |  1  2  3  4 |
---------------+-------------+-----
Dodging        | 1 2 3 |  3.0
Stealth        | 2 3 |  3.7
Fighting       | |  5.0
Unarmed Combat | |  4.7

Action                   |  1- 3 |  4- 6 || total
-------------------------+-------+-------++-------
Melee: Unarmed           |    85 |    55 ||   140
       Bite              |    11 |     7 ||    18
       Punch             |     2 |     5 ||     7
 Stab: Sleeping          |     7 |     2 ||     9
Armor: Skin              |     3 |     2 ||     5
Dodge: Dodged            |    74 |    23 ||    97
